 Dungeon Crawl Stone Soup version 0.23.1 (webtiles) character file.

Game seed: 10645549516555659263

35 OdinFK the Firebug (level 3, -2/19 HPs)
             Began as a Deep Elf Fire Elementalist on Mar 4, 2019.
             Slain by a quokka (5 damage)
             ... on level 1 of the Dungeon.
             The game lasted 00:03:11 (711 turns).

OdinFK the Firebug (Deep Elf Fire Elementalist)      Turns: 711, Time: 00:03:11

Health: -2/19      AC:  0    Str:  5    XL:     3   Next: 16%
Magic:  0/9        EV: 13    Int: 20    God:
Gold:   14         SH:  0    Dex: 15    Spells: 5/8 levels left

rFire    . . .     SeeInvis .   b - +0 dagger
rCold    . . .     Gourm    .   (no shield)
rNeg     . . .     Faith    .   a - +0 robe
rPois    .         Spirit   .   (no helmet)
rElec    .         Reflect  .   (no cloak)
rCorr    .         Harm     .   (no gloves)
MR       .....                  (no boots)
Stlth    ++........             (no amulet)
HPRegen  0.06/turn              i - -2 ring of protection (curse)
MPRegen  0.11/turn              (no ring)

@: very slightly contaminated
A: no striking features
a: no special abilities


You were on level 1 of the Dungeon.
You were not hungry.

You visited 1 branch of the dungeon, and saw 2 of its levels.

You collected 14 gold pieces.

Inventory:

Hand Weapons
 b - a +0 dagger (weapon)
Armour
 a - a +0 robe (worn)
Jewellery
 i - a cursed -2 ring of protection (left hand)
Scrolls
 g - 2 scrolls of blinking {unknown}
 h - 2 scrolls of noise {unknown}
 j - a scroll of enchant armour {unknown}
Potions
 e - a potion of brilliance {unknown}
 f - a potion of curing {unknown}
 k - 2 potions of might {unknown}
Comestibles
 c - 5 rations


   Skills:
 + Level 2.6 Dodging
 - Level 2.7 Stealth
 + Level 3.4 Spellcasting
 * Level 1.4 Conjurations
 + Level 4.1 Fire Magic


You had 5 spell levels left.
You knew the following spells:

 Your Spells              Type           Power        Failure   Level  Hunger
a - Flame Tongue          Conj/Fire      ##...        4%          1    None
b - Throw Flame           Conj/Fire      ##....       6%          2    ##.....

Your spell library contained the following spells:

 Spells                   Type           Power        Failure   Level  Hunger
 Conjure Flame            Conj/Fire      ##......     13%         3    ###....
 Inner Flame              Hex/Fire       ##......     17%         3    ###....
 Sticky Flame             Conj/Fire      ##......     38%         4    ####...
 Fireball                 Conj/Fire      ##........   75%         5    ######.


Dungeon Overview and Level Annotations

Branches:
Dungeon (2/15)

Altars:


Message History

The flame tongue hits the jackal.
The jackal is almost dead.
The jackal barely misses you.
Casting: Flame Tongue (safe; 4% risk of failure)
Confirm with . or Enter, or press ? or * to list all spells.
Aiming: Flame Tongue (safe; 4% risk of failure)
Press: ? - help, Shift-Dir - straight line, f/p - jackal
Aim: a jackal (almost dead)
The flame tongue hits the jackal!
You kill the jackal!
Casting: Flame Tongue (safe; 4% risk of failure)
Confirm with . or Enter, or press ? or * to list all spells.
Aiming: Flame Tongue (safe; 4% risk of failure)
Press: ? - help, Shift-Dir - straight line, f - quokka
Aim: a quokka The flame tongue hits the quokka.
The quokka is lightly wounded.
The quokka closely misses you. The quokka bites you.
You die...

...........#..#.......#.#.#...###
#.########.#..##.######.#.#......
.....# #.#)...........#.#......
.....# #.#.###.####.....#......
.....# #...# #.####............
.....######..# #)...........#....
#†###....##..# #.......#....#....
....#....###.# #.......#....#....
..........##.###@......#....#....
....#.....##..##r......#....#.###
....#.....##.....#######....#....
..[.#.....##...#.# #....#####
....#.....##...#.# ##.#.....)
#########.##.#.#†# #.###....
#......#.#.#.# #.###....
#####......#.#...# ####........
..........)#.#...#####.....##....


You could see a quokka.

Vanquished Creatures
  A gnoll (D:1)
  2 leopard geckos (D:2)
  3 goblins (D:1)
  7 hobgoblins (D:1)
  A jackal (D:1)
  2 kobolds (D:1)
  2 bats (D:1)
  A frilled lizard (D:2)
  2 rats (D:1)
21 creatures vanquished.

Notes
Turn   | Place    | Note
-------+----------+-------------------------------------------
     0 | D:1      | OdinFK the Deep Elf Fire Elementalist began the quest for
                  | the Orb.
     0 | D:1      | Reached XP level 1. HP: 10/10 MP: 6/6
   118 | D:1      | Reached XP level 2. HP: 11/15 MP: 4/8
   122 | D:1      | Learned a level 2 spell: Throw Flame
   317 | D:1      | Reached skill level 4 in Fire Magic
   339 | D:1      | Reached XP level 3. HP: 19/19 MP: 2/9
   689 | D:2      | Found a faded altar of an unknown god.
   711 | D:1      | Slain by a quokka

Skill      XL: |  1  2 |
---------------+-------+-----
Fire Magic     | 4 |  4.1
Dodging        | |  2.6
Stealth        | |  2.7
Spellcasting   | |  3.4
Conjurations   | |  1.4

Action                   || total
-------------------------++-------
Melee: Dagger            ||    14
 Cast: Flame Tongue      ||    34
       Throw Flame       ||     6
 Stab: Sleeping          ||     1
Armor: Robe              ||     2
Dodge: Dodged            ||    19
